 Dungeon Crawl Stone Soup version 0.24.1-14-gf8d2b509d9 (webtiles) character file.

Game seed: 9457498533319516238, levelgen mode: deterministic

78 mortelune the Insei (level 4, -7/29 HPs)
             Began as an Octopode Transmuter on May 17, 2020.
             Mangled by Natasha (9 damage)
             ... on level 3 of the Dungeon.
             The game lasted 00:02:26 (2633 turns).

mortelune the Insei (Octopode Transmuter)           Turns: 2633, Time: 00:02:27

Health: -7/29      AC:  1    Str:  9    XL:     4   Next: 36%
Magic:  1/8        EV: 14    Int: 16    God:
Gold:   65         SH:  0    Dex: 14    Spells: 2/8 levels left

rFire    . . .     SeeInvis .     - Unarmed
rCold    . . .     Gourm    .   (no shield)
rNeg     . . .     Faith    .   (helmet restricted)
rPois    .         Spirit   .   (no amulet)
rElec    .         Reflect  .   a - +2 ring of dexterity
rCorr    .         Harm     .   (no ring)
MR       .....                  (no ring)
Stlth    ++........             (no ring)
HPRegen  0.09/turn              (no ring)
MPRegen  0.11/turn              (no ring)
                                (no ring)
                                (no ring)

@: appendage, very slightly contaminated
A: almost no armour, stealthy swim, amphibious, 8 rings, constrict 8, tentacle
spike 3, camouflage 1, gelatinous body 1
a: End Transformation


You were on level 3 of the Dungeon.
You were not hungry.
One of your tentacles had a temporary spike.
You visited 1 branch of the dungeon, and saw 3 of its levels.

You collected 65 gold pieces.

Inventory:

Missiles
 Q - 69 arrows
Jewellery
 a - a +2 ring of dexterity (left tentacle)
Scrolls
 d - 2 scrolls of identify {unknown}
 e - 2 scrolls of amnesia {unknown}
 f - 2 scrolls of blinking {unknown}
 g - a scroll of enchant armour {unknown}
 h - 3 scrolls of remove curse {unknown}
 i - 2 scrolls of immolation {unknown}
 j - a scroll of noise {unknown}
Potions
 b - 2 potions of flight {unknown}
 k - a potion of agility
 l - a potion of cancellation {unknown}
Comestibles
 c - 5 rations


   Skills:
 + Level 1.7 Fighting
 + Level 2.4 Dodging
 + Level 3.2 Unarmed Combat
 * Level 2.8 Spellcasting
 * Level 2.9 Transmutations


You had 2 spell levels left.
You knew the following spells:

 Your Spells              Type           Power        Failure   Level  Hunger
a - Beastly Appendage     Tmut           ##....       6%          1    #......
b - Sticks to Snakes      Tmut           ##......     9%          2    ##.....
c - Spider Form           Tmut/Pois      #.........   32%         3    ###....

Your spell library contained the following spells:

 Spells                   Type           Power        Failure   Level  Hunger
 Ice Form                 Ice/Tmut       #.......     71%         4    #####..
 Blade Hands              Tmut           ##........   85%         5    ######.


Dungeon Overview and Level Annotations

Branches:
Dungeon (3/15)

Altars:
Nemelex Xobeh

Annotations:
D:3 Natasha


Innate Abilities, Weirdness & Mutations

You cannot wear most types of armour.
You are very stealthy in the water. (Stealth+)
You are amphibious.
You can wear up to eight rings at the same time.
You can use your tentacles to constrict eight enemies at once.
Your skin changes colour to match your surroundings (Stealth+).
Your rubbery body absorbs attacks. (AC +1, EV +1)
One of your tentacles bears a large vicious spike.


Message History

Natasha is moderately wounded.
Natasha closely misses you.
You miss Natasha. Your grab misses Natasha.
Natasha is moderately wounded.
The white imp completely misses you. Natasha misses you.
You closely miss Natasha. You grab Natasha.
You pierce Natasha.
Natasha is heavily wounded.
You constrict Natasha. The white imp hits you. The white imp freezes you.
Natasha claws you!
* * * LOW HITPOINT WARNING * * *
You tentacle-slap Natasha but do no damage.
You pierce Natasha.
You squeeze Natasha.
Natasha is severely wounded.
You constrict Natasha, but do no damage.
The white imp hits you.
* * * LOW HITPOINT WARNING * * *
The white imp freezes you.
* * * LOW HITPOINT WARNING * * *
Natasha claws you!
You die...

#............
...........#
##?........#
#..........#
#....g.....#
#..........#
#>..lh5....#
#....@.....#
##........##
##......##
#......#
#......#
#######......#
#............#
#............#
#.......(....#
..


You could see Natasha, a white imp, a goblin and a frilled lizard.

Vanquished Creatures
  Terence (D:2)
  An adder (D:2)
  An ooze (D:1)
  A worm (D:2)
  3 giant cockroaches
  2 goblins
  8 hobgoblins
  A quokka (D:2)
  3 ball pythons
  2 bats (D:2)
  4 frilled lizards
  5 kobolds
  3 rats
35 creatures vanquished.

Vanquished Creatures (collateral kills)
  A goblin (D:1)
  A hobgoblin (D:1)
2 creatures vanquished.

Grand Total: 37 creatures vanquished

Notes
Turn   | Place    | Note
-------+----------+-------------------------------------------
     0 | D:1      | mortelune the Octopode Transmuter began the quest for the
                  | Orb.
     0 | D:1      | Reached XP level 1. HP: 13/13 MP: 3/3
   450 | D:1      | Reached XP level 2. HP: 16/18 MP: 3/5
   459 | D:1      | Learned a level 2 spell: Sticks to Snakes
  1424 | D:2      | Reached XP level 3. HP: 23/23 MP: 4/6
  1444 | D:2      | Learned a level 3 spell: Spider Form
  1556 | D:2      | Found a sparkling altar of Nemelex Xobeh.
  2187 | D:2      | Noticed Terence
  2201 | D:2      | Killed Terence
  2201 | D:2      | Reached XP level 4. HP: 18/29 MP: 4/8
  2623 | D:3      | Noticed Natasha
  2633 | D:3      | Mangled by Natasha

Levels and vault maps discovered:
D:1:      dpeg_arrival_stonehenge_12_columns, layout_rooms, minmay_unequal
D:2:      layout_loops_corners, first_ration, nemelex_lonely_heart_becter,
          uniq_terence
D:3:      layout_rooms, uniq_natasha

Action                   |  1- 3 |  4- 6 || total
-------------------------+-------+-------++-------
Melee: Unarmed           |    71 |    12 ||    83
       Kick              |    10 |     3 ||    13
       Constrict         |    20 |     4 ||    24
       Tentacles         |    11 |     1 ||    12
       Punch             |     2 |       ||     2
 Cast: Beastly Appendage |     8 |     2 ||    10
       Sticks to Snakes  |     3 |       ||     3
       Spider Form       |     1 |       ||     1
  Use: Potion            |     1 |       ||     1
 Stab: Sleeping          |     5 |       ||     5
  Eat: Chunk             |     4 |     2 ||     6
Armor: Skin              |     5 |       ||     5
Dodge: Dodged            |    37 |    19 ||    56
